 Dungeon Crawl Stone Soup version 0.28.0-1-gb440e238dd (webtiles) character file.

Game seed: 4217259091574479419

21 sanka the Conjurer (level 2, 19/19 HPs)
             Began as a Merfolk Conjurer on Feb 22, 2022.
             Was a Follower of Kikubaaqudgha.
             Quit the game on level 1 of the Dungeon.
             The game lasted 00:01:32 (851 turns).

sanka the Conjurer (Merfolk Conjurer)                Turns: 851, Time: 00:01:33

Health: 19/19      AC:  2    Str:  7    XL:     2   Next: 83%
Magic:  5/5        EV: 12    Int: 17    God:    Kikubaaqudgha [*.....]
Gold:   9          SH:  0    Dex: 12    Spells: 2/5 levels left

rFire   . . .      SeeInvis .   (no weapon)
rCold   . . .      Faith    .   (no shield)
rNeg    . . .      Spirit   .   a - +0 robe
rPois   .          Reflect  .   (no helmet)
rElec   .          Harm     .   (no cloak)
rCorr   .          Rampage  .   (no gloves)
Will    .....                   (no boots)
Stlth   ++........              (no amulet)
HPRegen 0.06/turn               (no ring)
MPRegen 0.09/turn               (no ring)

@: no status effects
A: (nimble swimmer 2), mertail
a: Renounce Religion, Receive Corpses


You were on level 1 of the Dungeon.
You worshipped Kikubaaqudgha.
Kikubaaqudgha was aware of your devotion.
You visited 1 branch of the dungeon, and saw 1 of its levels.

You collected 9 gold pieces.

Inventory:

Armour
 a - a +0 robe (worn)
Potions
 b - a potion of curing {unknown}


   Skills:
 + Level 2.7 Dodging
 - Level 2.1 Stealth
 - Level 2.0 Spellcasting
 - Level 4.0 Conjurations


You had 2 spell levels left.
You knew the following spells:

 Your Spells              Type           Power      Damage    Failure   Level
a - Magic Dart            Conj           60%        1d6       3%          1
b - Searing Ray           Conj           30%        2d5       5%          2

Your spell library contained the following spells:

 Spells                   Type           Power      Damage    Failure   Level
 Static Discharge         Conj/Air       8%         N/A       13%         2
 Animate Skeleton         Necr           2%         N/A       19%         1
 Pain                     Necr           4%         1d4       19%         1
 Dazzling Flash           Conj/Hex       16%        N/A       26%         3
 Vampiric Draining        Necr           1%         2d6       50%         3
 Fulminant Prism          Conj/Hex       4%         3d6       63%         4
 Iskenderun's Mystic Bla  Conj/Tloc      8%         2d4       63%         4
 Sticky Flame             Conj/Fire      8%         2d3       63%         4
 Dispel Undead            Necr           1%         3d6       88%         4
 Agony                    Necr           1%         N/A       99%         5


Dungeon Overview and Level Annotations

Branches:
Dungeon (1/15)

Altars:
Kikubaaqudgha


Innate Abilities, Weirdness & Mutations

((You are very nimble when in or above water. (Stealth+, EV+, Speed+++)))
Your lower body shifts to a powerful aquatic tail in water.


Message History

Found a faded altar of an unknown god.
A hobgoblin comes into view.
The magic dart hits the hobgoblin.
The hobgoblin is lightly wounded.
The hobgoblin shouts!
The magic dart hits the hobgoblin.
The hobgoblin is heavily wounded.
An endoplasm comes into view.
The magic dart hits the hobgoblin but does no damage.
The hobgoblin is heavily wounded.
The endoplasm quivers.
The magic dart hits the hobgoblin.
You kill the hobgoblin!
You start resting.
Magic restored.
Search for what [Enter for "."]? altar A quokka comes into view.
The magic dart hits the quokka.
The quokka is severely wounded.
The magic dart hits the quokka.
The quokka is almost dead.
The magic dart hits the quokka.
You kill the quokka!
Training target 4.0 for Conjurations reached!
Your Conjurations skill increases to level 4!
You need to enable at least one skill for training.
Unknown command.
You start resting.
Magic restored.
(D) Dungeon
Where to? (Enter - D:1 @ (x,y), ? - help)
You see here a hobgoblin corpse.
There is a faded altar of an unknown god here.
You cannot tell which god this altar belongs to.
Convert to them anyway?
Kikubaaqudgha accepts your prayer! Kikubaaqudgha welcomes you!
You can now receive cadavers from Kikubaaqudgha.
Kikubaaqudgha grants you a gift!
You add the spells Animate Skeleton, Pain, Vampiric Draining and Agony to your library.
Are you sure you want to abandon this character and quit the game? (Confirm with "yes".)

#.##.#
#.##....'........#
#.##.#
#.##....##########
#.##.# #.#######
###.##.###.#
...........#########
.....#.######......
.....#.# #....##.## ###
####.#.###.#..#...#.....
#.....#....†.@.......
#.#+#.#....#...#.....
####.....#....##.## ...
...#.....#......... .
...#...........##...
...#....##...†.# .....
...#....##.....# .....
........##........####
...#.#.###........


There were no monsters in sight!

Vanquished Creatures
  2 ball pythons (D:1)
  2 bats (D:1)
  5 endoplasms (D:1)
  A goblin (D:1)
  3 hobgoblins (D:1)
  2 quokkas (D:1)
  A frilled lizard (D:1)
16 creatures vanquished.

Notes
Turn   | Place    | Note
-------+----------+-------------------------------------------
     0 | D:1      | sanka the Merfolk Conjurer began the quest for the Orb.
     0 | D:1      | Reached XP level 1. HP: 13/13 MP: 3/3
   226 | D:1      | Reached XP level 2. HP: 19/19 MP: 0/5
   277 | D:1      | Learned a level 2 spell: Searing Ray
   748 | D:1      | Found a faded altar of an unknown god.
   813 | D:1      | Reached skill level 4 in Conjurations
   850 | D:1      | Prayed at the altar of an unknown god.
   850 | D:1      | Became a worshipper of Kikubaaqudgha
   850 | D:1      | Reached * piety under Kikubaaqudgha
   850 | D:1      | Received a gift from Kikubaaqudgha
   851 | D:1      | Quit the game

Illustrated notes

Levels and vault maps discovered:
D:1:      saegor_arrival_simple_b, layout_basic, ebering_ecumenical_altar_box,
          serial_bayou_pond_a

Skill      XL: |  1  2 |
---------------+-------+-----
Conjurations   | 4 |  4.0
Dodging        | |  2.7
Stealth        | |  2.1
Spellcasting   | |  2.0

Action                   || total
-------------------------++-------
Melee: Unarmed           ||    12
 Cast: Magic Dart        ||    42
Armor: Robe              ||     3
Dodge: Dodged            ||    10
